Map: Frozen Temple

Players

uThermal - Winner!

  • Race: Terran Terran

Serral

  • Race: Zerg Zerg

Event: 2016 WCS Summer Circuit Championship (DH Montreal)

VOD

Have the link to the VOD?

Description

Time

  • Played on: Aug. 12, 2016, 2:06 p.m.
  • Length: 11:20

All games in this series

Show
View Real Time Build Order
Export as new Build Order

uThermal Terran - Winner!

Build Orders: Reaper Expand, MMM Bio 

Get SALT Encoding   

  12  0:01  SCV  
  13  0:13  SCV  
  14  0:17  Supply Depot  
  14  0:25  SCV  
  15  0:39  SCV  
  15  0:41  Barracks  
  16  0:44  Refinery  
  16  0:51  SCV  
  17  1:03  SCV  
  18  1:15  SCV  
  19  1:28  Reaper  
  19  1:29  Orbital Command  
  20  1:39  Command Center  
  20  1:50  Barracks  
  20  1:54  SCV  
  20  2:00  Barracks Reactor  
  21  2:06  SCV  
  21  2:07  Supply Depot  
  22  2:18  SCV  
  23  2:26  Refinery  
  23  2:30  SCV  
  23  2:34  Factory  
  23  2:36  Marine  
  23  2:37  Barracks Tech Lab, Marine  
  25  2:42  SCV  
  27  2:53  Orbital Command  
  27  2:54  Marine x2  
  27  2:55  SCV  
  30  3:02  Marine, Stimpack  
  31  3:07  SCV  
  32  3:14  Marine  
  32  3:15  Marine  
  32  3:19  SCV x2  
  36  3:20  Marine  
  37  3:28  Factory Reactor, Starport  
  37  3:31  SCV  
  38  3:35  Marine  
  38  3:37  Supply Depot, Marine  
  38  3:40  Marine  
  41  3:42  SCV  
  41  3:43  SCV  
  43  3:52  Marine  
  43  3:54  SCV  
  45  3:55  SCV  
  45  3:56  Supply Depot  
  45  3:58  Marine  
  45  4:00  Supply Depot  
  45  4:01  Marine  
  48  4:10  Marine, SCV  
  48  4:15  Medivac x2  
  48  4:16  Factory Tech Lab  
  54  4:19  Refinery  
  54  4:21  Marine x2  
  56  4:26  Supply Depot  
  56  4:28  SCV x2  
  58  4:36  Siege Tank  
  61  4:39  Marine  
  61  4:40  SCV x2  
  64  4:49  Marine  
  64  4:50  Marine  
  67  4:52  SCV  
  67  4:53  SCV  
  67  4:57  Marine  
  69  5:00  Supply Depot  
  69  5:03  Combat Shields  
  69  5:05  SCV  
  70  5:07  Marine x2, SCV  
  70  5:08  Siege Tank  
  76  5:14  Marine  
  76  5:17  SCV  
  75  5:21  SCV  
  75  5:23  Command Center  
  75  5:27  Marine  
  77  5:29  SCV  
  77  5:34  SCV  
  79  5:38  Engineering Bay  
  79  5:39  Engineering Bay  
  79  5:40  Refinery  
  79  5:41  SCV  
  80  5:47  Marine x3  
  80  5:48  Siege Tank  
  86  5:52  Supply Depot x2  
  86  5:57  Barracks  
  86  6:03  Supply Depot  
  86  6:09  SCV  
  86  6:13  SCV  
  87  6:21  SCV  
  87  6:23  Marine  
  87  6:25  Marine  
  90  6:27  SCV  
  90  6:28  Terran Infantry Armor Level 1, Terran Infantry Weapons Level 1  
  90  6:29  Medivac  
  90  6:30  Medivac, Barracks  
  90  6:32  Barracks  
  95  6:38  Marine  
  95  6:41  Marine  
  95  6:46  Orbital Command  
  95  6:47  Barracks Reactor  
  96  6:50  Marine  
  97  6:54  SCV  
  97  6:56  Marine  
  97  7:00  Siege Tank  
  102  7:06  Marine  
  102  7:07  Supply Depot, Medivac x2  
  105  7:09  Orbital Command  
  105  7:10  SCV  
  106  7:17  Marine, SCV  
  106  7:21  Barracks Tech Lab  
  106  7:22  Barracks Tech Lab, SCV  
  109  7:28  Missile Turret  
  109  7:32  Barracks x2, SCV  
  109  7:34  SCV  
  109  7:36  Missile Turret, Marine  
  112  7:39  SCV  
  112  7:41  Marine  
  112  7:42  Marauder  
  115  7:53  SCV  
  115  7:55  Marine  
  115  7:56  Marauder  
  119  8:00  Marine x2  
  119  8:01  Marauder  
  119  8:02  Supply Depot  
  119  8:03  SCV  
  124  8:10  Marine, Marauder  
  127  8:14  Marine  
  127  8:17  Concussive Shells, Marauder  
  127  8:18  Medivac  
  132  8:21  Barracks Tech Lab x2, Supply Depot x2  
  132  8:23  Marine  
  132  8:24  Medivac  
  135  8:28  Armory  
  135  8:29  Marine  
  135  8:30  Marine, Marauder  
  139  8:35  Marine  
  139  8:36  SCV  
  139  8:38  Marauder  
  139  8:50  Marine  
  139  8:51  Marauder  
  139  8:52  Siege Tank  
  139  8:53  Medivac  
  147  8:57  Medivac, Marine  
  147  8:59  Marine  
  151  9:04  Marine, Marauder  
  154  9:12  Marine  
  154  9:13  Marauder  
  157  9:20  Supply Depot x2  
  157  9:24  Siege Tank  
  157  9:25  Medivac  
  157  9:28  Marine, Marauder  
  163  9:35  Medivac, Marine  
  163  9:36  Marauder  
  163  9:38  Marine  
  160  9:39  Marauder  
  160  9:40  Marine  
  160  9:41  Marauder  
  160  9:44  Marine  
  154  9:51  Marine, Marauder  
  146  9:55  Medivac  
  146  9:56  Marine  
  146  9:57  Marauder  
  149  10:05  Medivac  
  142  10:11  Marine  
  142  10:12  Marauder  
  138  10:14  Marine, Marauder  
  138  10:17  Siege Tank  
  138  10:19  Marine x2  
  138  10:24  Marine x2  
  138  10:25  Medivac  
  138  10:26  Marine  
  143  10:29  Marine  
  143  10:32  Marine  
  140  10:49  Marine  
  143  10:50  Marauder  
  143  10:52  Marine x3  
  143  10:53  Marauder x2  
Show
View Real Time Build Order
Export as new Build Order

Serral Zerg 

Build Orders: Pool First, Zergling Roach Ravager 

Get SALT Encoding   

  12  0:00  Drone  
  13  0:12  Overlord  
  13  0:17  Drone  
  14  0:31  Drone x2  
  14  0:34  Drone  
  17  0:44  Spawning Pool  
  17  0:48  Drone  
  17  0:56  Drone  
  18  1:11  Hatchery  
  17  1:14  Drone  
  18  1:19  Extractor  
  17  1:31  Queen  
  17  1:32  Zergling x4  
  21  1:38  Overlord  
  21  1:50  Drone  
  22  2:00  Drone  
  23  2:06  Queen  
  25  2:10  Overlord  
  25  2:21  Drone  
  25  2:25  Drone, Queen  
  25  2:28  Metabolic Boost  
  28  2:32  Drone  
  28  2:33  Drone  
  30  2:43  Drone x3  
  33  2:45  Drone  
  34  2:52  Overlord  
  34  2:56  Zergling x2  
  35  2:59  Drone  
  35  3:03  Queen  
  38  3:08  Drone  
  38  3:12  Drone x2  
  41  3:13  Drone  
  41  3:18  Drone  
  41  3:19  Drone  
  44  3:31  Hatchery  
  44  3:32  Overlord  
  43  3:38  Overlord  
  42  3:49  Queen  
  42  3:50  Drone x2, Overlord  
  42  3:51  Drone  
  42  3:53  Drone x2  
  49  3:56  Extractor  
  49  3:58  Drone x2  
  49  4:00  Drone  
  51  4:08  Roach Warren  
  50  4:10  Drone  
  50  4:14  Zergling x8  
  55  4:19  Zergling x2  
  55  4:20  Zergling x2  
  55  4:23  Overlord  
  57  4:24  Overlord  
  57  4:29  Queen  
  59  4:43  Queen  
  61  4:48  Roach x3  
  61  4:49  Roach x3  
  73  4:53  Roach  
  73  4:56  Roach x2  
  79  5:00  Roach  
  79  5:01  Roach  
  83  5:18  Drone  
  83  5:19  Drone x7  
  83  5:20  Queen  
  89  5:26  Overlord  
  89  5:30  Overlord  
  89  5:34  Extractor  
  88  5:39  Evolution Chamber, Queen  
  88  5:40  Evolution Chamber  
  88  5:41  Drone  
  89  5:50  Lair  
  89  5:52  Drone  
  89  5:53  Drone x3  
  89  5:56  Roach x2  
  89  5:57  Roach x2  
  100  5:58  Ravager  
  100  6:03  Overlord  
  101  6:06  Roach x2  
  105  6:16  Overlord  
  105  6:20  Overlord  
  105  6:21  Queen  
  105  6:23  Queen  
  109  6:27  Ravager  
  109  6:28  Ravager x2  
  109  6:29  Ravager  
  113  6:35  Zergling x2  
  113  6:36  Zergling x10  
  119  6:42  Ravager  
  120  6:50  Roach x4, Zergling x2  
  129  6:58  Glial Reconstitution  
  129  7:02  Extractor  
  129  7:04  Overlord  
  129  7:06  Drone  
  129  7:07  Queen  
  129  7:08  Zerg Melee Weapons Level 1  
  128  7:17  Drone  
  128  7:20  Overlord  
  128  7:21  Queen  
  131  7:24  Drone x6  
  131  7:29  Zerg Ground Armor Level 1  
  137  7:33  Overlord x2  
  137  7:35  Pneumatized Carapace  
  137  7:38  Extractor, Drone  
  137  7:40  Drone x5  
  137  7:41  Extractor  
  141  7:47  Overlord  
  137  7:56  Queen  
  137  7:57  Queen  
  139  8:00  Drone  
  139  8:01  Drone x5  
  139  8:02  Drone x3  
  148  8:11  Infestation Pit  
  147  8:18  Queen  
  149  8:22  Hatchery  
  149  8:25  Roach x2  
  149  8:26  Roach x3, Zergling x6  
  161  8:27  Overlord  
  161  8:29  Overlord  
  151  8:42  Zergling x2  
  151  8:43  Zergling x10  
  151  8:47  Hive  
  157  8:53  Infestor x4  
  165  9:05  Roach x2, Zergling x2  
  165  9:06  Zergling x4  
  172  9:11  Spore Crawler  
  171  9:23  Roach x3  
  177  9:27  Overlord x2  
  160  9:39  Zergling x18  
  157  9:46  Drone x2  
  157  9:47  Drone x2  
  151  9:53  Queen  
  151  9:57  Drone x4  
  152  10:07  Roach x3, Zergling x4  
  136  10:23  Infestor x3  
  136  10:27  Drone x3  
  136  10:28  Drone x2  
  146  10:37  Queen x2  
  146  10:42  Queen  
  141  10:46  Ravager  
  141  10:47  Ravager x8  
  145  10:54  Zergling x2  
  145  10:55  Zergling x10  
Tags
 
Add a new tag
Caveats
  • Supply blocks, unpowered buildings, or Contaminate may cause inaccurate times.
  • Supply counts are checked every 10 seconds.